 Dungeon Crawl Stone Soup version 0.17.1-1-g73c8601 (webtiles) character file.

4816 Some1Simple the Spear-Bearer (level 10, -2/53 HPs)
             Began as a Vine Stalker Fighter on Jan 3, 2016.
             Was a High Priest of Okawaru.
             Slain by a killer bee (3 damage)
             ... on level 9 of the Dungeon on Jan 4, 2016.
             The game lasted 00:52:05 (6743 turns).

Some1Simple the Spear-Bearer (Vine Stalker Fighter) Turns: 6743, Time: 00:52:05

Health: -2/53      AC: 12    Str: 23    XL:     10   Next: 48%
Magic:  0/11       EV:  1    Int:  8    God:    Okawaru [*****.]
Gold:   388        SH: 11    Dex: 18    Spells: 0 memorised, 9 levels left

rFire  + . .     SeeInvis .     a - +0 trident
rCold  . . .     Clarity  .     t - +0 chain mail
rNeg   . . .     SustAt   .     c - +0 shield
rPois  .         Gourm    .     (no helmet)
rElec  .         Spirit   +     y - +0 cloak
rCorr  .         Warding  .     i - +0 pair of gloves
rMut   .         Stasis   .     (no boots)
MR     ++...                    b - amulet of regeneration
Stlth  ..........               D - ring of protection from magic
                                p - ring of protection from fire

@: mighty, lethally poisoned (-2 -> -3), very resistant to hostile enchantments,
extremely unstealthy
A: fangs 3, regeneration 2, magic shield, antimagic bite, no device heal 3, rot
immunity
a: Heroism, Finesse, Renounce Religion


You were on level 9 of the Dungeon.
You worshipped Okawaru.
Okawaru was extremely pleased with you.
You were not hungry.

You visited 1 branch of the dungeon, and saw 9 of its levels.

You collected 388 gold pieces.

Inventory:

Hand Weapons
 a - a +0 trident (weapon)
 m - a cursed -1 hunting sling
 z - a +0 scythe of slicing
 Q - a +4 scimitar of flaming
Missiles
 E - 31 poisoned needles
Armour
 c - a +0 shield (worn)
 i - a +0 pair of gloves (worn)
 t - a +0 chain mail (worn)
 y - a +0 cloak (worn)
Jewellery
 b - an amulet of regeneration (around neck)
 g - an uncursed ring of flight
 p - a ring of protection from fire (left hand)
 r - an uncursed ring of ice
 D - a ring of protection from magic (right hand)
Wands
 H - a wand of cold (11)
 M - a wand of confusion (19)
 N - a wand of frost (21)
 R - a wand of slowing (4)
Scrolls
 k - a scroll of enchant weapon {unknown}
 l - a scroll of remove curse
 n - 3 scrolls of magic mapping
 s - a scroll of amnesia
 u - a scroll of teleportation {unknown}
 v - a scroll of immolation {unknown}
 G - a scroll of random uselessness {unknown}
 O - 2 scrolls of identify
Potions
 d - a potion of magic {unknown}
 f - 2 potions of degeneration {unknown}
 j - 2 potions of brilliance {unknown}
 q - a potion of cancellation
 w - a potion of flight {unknown}
 x - a potion of agility
 A - 2 potions of haste {unknown}
 B - a potion of mutation {unknown}
 C - a potion of might
 F - a potion of berserk rage {unknown}
 K - a potion of invisibility {unknown}
 L - 2 potions of curing {unknown}
Comestibles
 e - 8 bread rations
 h - 7 fruits
 o - a meat ration
 I - 3 beef jerkies
 J - 7 slices of pizza
 P - 6 chunks of flesh


   Skills:
 + Level 6.7 Fighting
 * Level 8.8 Polearms
 + Level 6.2 Armour
 - Level 0.4 Dodging
 + Level 6.9 Shields


You had 9 spell levels left.
You didn't know any spells.

Dungeon Overview and Level Annotations

Branches:
Dungeon (9/15)             Temple (0/1) D:6
   Lair: D:8-11         Orc: D:9-12

Altars:
Gozag
Okawaru
Qazlal
Zin
The Shining One

Shops:
D:6 %


Innate Abilities, Weirdness & Mutations

You have razor-sharp teeth.
You heal very quickly.
When hurt, damage is shared between your health and your magic reserves.
Your bite disrupts and absorbs the magic of your enemies.
Potions and wands cannot restore your health.
You are immune to rotting.


Message History

The killer bee stings you but does no damage.
You feel sick.
The killer bee stings you but does no damage.
You block the killer bee's attack.
You feel sick. You block the killer bee's attack.
The killer bee barely misses you.
You feel sick.
The killer bee stings you but does no damage.
You block the killer bee's attack.
You feel sick. You block the killer bee's attack. The killer bee stings you.
* * * LOW HITPOINT WARNING * * *
You are lethally poisoned!
The killer bee poisons you!
* * * LOW HITPOINT WARNING * * *
You feel sick. You block the killer bee's attack.
The killer bee barely misses you.
There is a stone staircase leading down here.
* * * LOW HITPOINT WARNING * * *
You feel sick. You block the killer bee's attack. The killer bee stings you.
You die...

##)#.# #...#
##g.######
#.........
####..g######
#)...g....#
#)##...##.#
####.##.yy# ..
#....##..@# .#
#.#####......#
# #.# ##.#####
#.# #.# #.#
#.. #######.#
### #<......#
#########


You could see 2 killer bees and 3 gnolls.

Vanquished Creatures
  Erica (D:8)
  A two-headed ogre (D:8)
  Sigmund (D:6)
  A hungry ghost (D:7)
  A hippogriff (D:7)
  A human (D:7)
  2 ice beasts
  A necrophage (D:6)
  2 phantoms
  A black bear (D:7)
  7 ogres
  2 centaurs (D:5)
  3 giant frogs
  A wyvern skeleton (D:6)
  2 scorpions
  10 killer bees
  2 crimson imps
  A jelly (D:6)
  4 orc priests
  A centaur zombie (D:4)
  3 giant frog skeletons (D:5)
  4 centaur skeletons
  2 hounds
  12 orc wizards
  5 worker ants
  Terence (D:2)
  Natasha (D:2)
  An iguana (D:8)
  4 sheep (D:7)
  A hound skeleton (D:9)
  A worker ant zombie (D:7)
  5 gnolls
  7 adders
  An ooze (D:4)
  An adder skeleton (D:6)
  2 worms
  4 giant geckos
  23 orcs
  2 ball pythons
  7 bats
  3 giant cockroaches
  11 goblins
  7 hobgoblins
  5 jackals
  7 kobolds
  A giant gecko skeleton (D:4)
  5 giant newts
  2 quokkas
  A quokka skeleton (D:6)
  A quokka zombie (D:6)
  3 rats
178 creatures vanquished.

Vanquished Creatures (others)
  2 orc wizards
  An orc (D:8)
3 creatures vanquished.

Grand Total: 181 creatures vanquished

Notes
Turn   | Place    | Note
--------------------------------------------------------------
     0 | D:1      | Some1Simple the Vine Stalker Fighter began the quest for the Orb.
     0 | D:1      | Reached XP level 1. HP: 11/11 MP: 2/2
   194 | D:1      | Reached XP level 2. HP: 16/16 MP: 3/3
   331 | D:1      | Reached skill level 3 in Shields
   739 | D:2      | Reached XP level 3. HP: 19/19 MP: 4/4
   935 | D:2      | Reached XP level 4. HP: 24/24 MP: 5/5
   966 | D:2      | Noticed Terence
   980 | D:2      | Killed Terence
  1087 | D:2      | Noticed Natasha
  1094 | D:2      | Killed Natasha
  1227 | D:2      | Reached XP level 5. HP: 28/28 MP: 6/6
  1283 | D:2      | Found an iron altar of Okawaru.
  1291 | D:2      | Became a worshipper of Warmaster Okawaru
  1987 | D:4      | Found a glowing silver altar of Zin.
  2145 | D:4      | Gained mutation: You heal very quickly. [Vine Stalker growth]
  2145 | D:4      | Reached XP level 6. HP: 33/33 MP: 7/7
  2373 | D:4      | Noticed an ogre
  2380 | D:4      | Killed an ogre
  2405 | D:4      | Reached skill level 4 in Fighting
  2406 | D:4      | Reached * piety under Okawaru
  2440 | D:4      | Found a glowing silver altar of Zin.
  2532 | D:4      | Found a stormy altar of Qazlal.
  2608 | D:4      | Noticed an ogre
  2721 | D:3      | Killed an ogre
  2721 | D:3      | Reached XP level 7. HP: 22/37 MP: 4/8
  3075 | D:5      | Entered Level 5 of the Dungeon
  3212 | D:5      | Found a glowing golden altar of the Shining One.
  3712 | D:5      | Gained mutation: You have razor-sharp teeth. [Vine Stalker growth]
  3712 | D:5      | Reached XP level 8. HP: 37/42 MP: 7/9
  3770 | D:5      | Found an opulent altar of Gozag.
  3824 | D:5      | Reached ** piety under Okawaru
  3824 | D:5      | Reached skill level 5 in Polearms
  3874 | D:5      | Reached skill level 5 in Shields
  4066 | D:6      | Found Igrybbeu's Food Boutique.
  4116 | D:6      | Noticed Sigmund
  4255 | D:6      | Reached skill level 5 in Fighting
  4429 | D:6      | Reached skill level 6 in Polearms
  4685 | D:6      | Reached XP level 9. HP: 45/47 MP: 10/10
  4821 | D:6      | Killed Sigmund
  4821 | D:6      | Reached *** piety under Okawaru
  4865 | D:6      | Reached skill level 5 in Armour
  4943 | D:6      | Found a staircase to the Ecumenical Temple.
  5076 | D:7      | Reached skill level 7 in Polearms
  5131 | D:7      | Got a crystal dagger
  5132 | D:7      | Identified the cursed +1 dagger "Funigg" {freeze, Dex+2} (You found it on level 7 of the Dungeon)
  5583 | D:7      | Reached **** piety under Okawaru
  6072 | D:8      | Reached XP level 10. HP: 51/53 MP: 11/11
  6119 | D:7      | Reached skill level 8 in Polearms
  6471 | D:9      | Noticed Erica
  6567 | D:8      | Killed Erica
  6619 | D:9      | Reached ***** piety under Okawaru
  6736 | D:9      | HP: 2/53 [poisoned by a killer bee]
  6741 | D:9      | HP: 2/53 [poisoned by a killer bee]
  6743 | D:9      | Slain by a killer bee

Action                   |  1- 3 |  4- 6 |  7- 9 | 10-12 || total
-------------------------+-------+-------+-------+-------++-------
Melee: Trident           |    99 |   134 |   391 |   135 ||   759
       Dagger            |       |       |    70 |       ||    70
       Scythe            |       |       |    25 |       ||    25
  Use: Scroll            |       |     3 |     4 |     1 ||     8
       Potion            |       |     1 |       |     1 ||     2
  Eat: Chunk             |       |     4 |     5 |     6 ||    15
       Meat ration       |       |     1 |     1 |       ||     2
